 Dungeon Sprint DCSS version 0.16-a0-3943-gb4b81e6 (webtiles) character file.

1514 BluebellGnoll the Unseen (level 8, -4/34 (36) HPs)
             Began as a Spriggan Enchanter on Feb 8, 2015.
             Was a Follower of Vehumet.
             Slain by an ice dragon (10 damage)
             ... in the Dungeon (Sprint II: "The Violet Keep of Menkaure").
             The game lasted 00:06:18 (704 turns).

BluebellGnoll the Unseen (Spriggan Enchanter)        Turns: 704, Time: 00:06:18

HP:   -4/34 (36)    AC:  3    Str:  4    XL:     8   Next: 53%
MP:   5/28          EV: 27    Int: 18    God:    Vehumet [*.....]
Gold: 972           SH:  0    Dex: 17    Spells: 6 memorised, 10 levels left

rFire  . . .     SeeInvis +     a - +1 dagger
rCold  . . .     Clarity  .     b - +1 robe (curse)
rNeg   . . .     SustAb   .     (shield restricted)
rPois  .         Gourm    .     (helmet restricted)
rElec  .         Spirit   .     (no cloak)
rCorr  .         Warding  .     (gloves unavailable)
rMut   .         NoTele   +     (boots unavailable)
MR     +....                    (no amulet)
Stlth  +++++++++.               (no ring)
                                (no ring)

@: very quick, somewhat resistant to hostile enchantments, incredibly stealthy
A: unfitting armour, see invisible, herbivore 3, speed 3, slow metabolism 2
a: Renounce Religion


You were in the Dungeon.
You worshipped Vehumet.
Vehumet was aware of your devotion.
You were not hungry.

You visited 1 branch You collected 972 gold pieces.

Inventory:

Hand weapons
 a - a +1 dagger (weapon)
Missiles
 e - 2 throwing nets (quivered)
Armour
 b - a cursed +1 robe (worn)
Scrolls
 j - a scroll of blinking
Potions
 f - a potion of heal wounds
 g - a potion of haste
 h - 2 potions of magic
Books
 c - a book of Maledictions

   Spells                             Type                      Level
   a - Corona                         Hexes                        1
   b - Sure Blade                     Hexes/Charms                 2
   c - Ensorcelled Hibernation        Hexes/Ice                    2
   d - Confuse                        Hexes                        3
   e - Dazzling Spray                 Conjuration/Hexes            3
   f - Enslavement                    Hexes                        4
Comestibles
 d - a bread ration


   Skills:
 - Level 1.1 Short Blades
 + Level 11.3 Dodging
 - Level 20.2 Stealth
 - Level 9.4 Spellcasting
 - Level 9.1 Hexes


You had 10 spell levels left.
You knew the following spells:

 Your Spells              Type           Power        Failure   Level  Hunger
a - Corona                Hex            #####..      1%          1    None
b - Ensorcelled Hibernat  Hex/Ice        ###...       1%          2    None
c - Confuse               Hex            #####...     1%          3    None
d - Sure Blade            Hex/Chrm       ###.......   1%          2    None
e - Dazzling Spray        Conj/Hex       ###.....     4%          3    None
f - Enslavement           Hex            #####...     2%          4    ###....


Dungeon Overview and Level Annotations

Branches:
Dungeon (1/1)

Altars:
Cheibriados
Dithmenos
Elyvilon
Fedhas
Gozag
Kikubaaqudgha
Makhleb
Nemelex Xobeh
Okawaru
Qazlal
Ru
Sif Muna
Trog
Vehumet
Xom
Yredelemnul
Zin
The Shining One
Beogh
Jiyva
Lugonu


Innate Abilities, Weirdness & Mutations

You are tiny and cannot use many weapons and most armour.
You have supernaturally acute eyesight.
You are a herbivore.
You cover ground extremely quickly.
You need consume almost no food.


Message History

You see here a throwing net.
e - 2 throwing nets (gained 1)
You open the door.
An ice dragon comes into view.
Found 81 gold pieces, 14 sling bullets and a potion of curing.
The ice dragon barely misses you. x2
The ice dragon tramples you!
* * * LOW HITPOINT WARNING * * *
You stumble backwards!
You closely miss the ice dragon. The ice dragon breathes frost at you.
The blast of cold misses you.
Casting: Sure Blade
Confirm with . or Enter, or press ? or * to list all spells.
Aiming: Confuse
Press: ? - help, Shift-Dir - straight line, f - ice dragon
Aim: an ice dragon (catching its breath, chance 50%)
The ice dragon appears confused.
The ice dragon misses you. The ice dragon claws you!
You die...

...### ....# ...# ..# ##+## #.#
##.#.##.#### +.### #..#..# ...#
#...# # ##.#.####..#####..# $#▓
###'###.##..#$.D@.# .#▓?!$
.##.##.#.#..#!(#..# .#▓$!=!
#'.<†'##.'..####^.##.#▓!?)$$
†##.###..#....###...##▓▓▓▓▓▓▓
###+###.##......≈≈≈≈≈≈≈≈§§§§≈
##...####≈≈.§...≈#÷########'##
#..#†.#≈≈≈≈§§≈..≈#%.._)_._#§§§#
##.#.##≈≈≈≈§§§§.≈#.._._._.#§≈≈≈#
##+##≈≈≈≈§≈≈§§≈≈#._._._._#§§§§§


You could see an ice dragon (confused).

Vanquished Creatures
  A yaktaur (D)
  A wasp (D)
  2 boulder beetles (D)
  Menkaure (D)
  4 necrophages (D)
  4 brain worms (D)
  4 worker ants (D)
17 creatures vanquished.

Vanquished Creatures (collateral kills)
  A polar bear (D)
1 creature vanquished.

Vanquished Creatures (others)
  2 polar bears (D)
2 creatures vanquished.

Grand Total: 20 creatures vanquished

Notes
Turn   | Place    | Note
--------------------------------------------------------------
     0 | D        | BluebellGnoll, the Spriggan Enchanter, began the quest for the Orb.
     0 | D        | Reached XP level 1. HP: 9/9 MP: 4/4
     1 | D        | Noticed a boulder beetle
     1 | D        | Noticed a boulder beetle
     4 | D        | Noticed a worker ant
     4 | D        | Noticed a worker ant
     4 | D        | Noticed a worker ant
     4 | D        | Noticed a worker ant
    12 | D        | Killed a worker ant
    12 | D        | Reached skill level 10 in Stealth
    12 | D        | Reached XP level 2. HP: 10/13 MP: 7/7
    15 | D        | Killed a worker ant
    15 | D        | Reached skill level 11 in Stealth
    15 | D        | Reached XP level 3. HP: 12/16 MP: 9/9
    17 | D        | Killed a worker ant
    17 | D        | Reached skill level 12 in Stealth
    17 | D        | Reached XP level 4. HP: 15/21 MP: 12/12
    26 | D        | Killed a worker ant
    26 | D        | Reached skill level 13 in Stealth
    47 | D        | Learned a level 2 spell: Ensorcelled Hibernation
    51 | D        | Learned a level 3 spell: Confuse
    54 | D        | Learned a level 2 spell: Sure Blade
   255 | D        | Noticed a necrophage
   255 | D        | Noticed a necrophage
   255 | D        | Noticed a necrophage
   255 | D        | Noticed a necrophage
   258 | D        | Killed a necrophage
   258 | D        | Reached skill level 16 in Stealth
   258 | D        | Reached XP level 5. HP: 24/24 MP: 14/14
   259 | D        | Killed a necrophage
   259 | D        | Reached skill level 18 in Stealth
   259 | D        | Reached XP level 6. HP: 28/28 MP: 17/17
   261 | D        | Killed a necrophage
   261 | D        | Reached skill level 19 in Stealth
   316 | D        | Killed a necrophage
   316 | D        | Reached skill level 20 in Stealth
   334 | D        | Noticed a brain worm
   337 | D        | Killed a brain worm
   338 | D        | Noticed a brain worm
   339 | D        | Killed a brain worm
   339 | D        | Reached skill level 5 in Spellcasting
   339 | D        | Reached skill level 5 in Hexes
   339 | D        | Reached XP level 7. HP: 30/30 MP: 5/22
   340 | D        | Noticed a brain worm
   340 | D        | Noticed a brain worm
   342 | D        | Killed a brain worm
   344 | D        | Killed a brain worm
   357 | D        | Learned a level 3 spell: Dazzling Spray
   362 | D        | Learned a level 4 spell: Enslavement
   497 | D        | Killed a boulder beetle
   519 | D        | Killed a boulder beetle
   519 | D        | Reached XP level 8. HP: 34/34 MP: 11/28
   612 | D        | Found an ancient bone altar of Kikubaaqudgha.
   612 | D        | Found a roughly hewn altar of Beogh.
   612 | D        | Found a stormy altar of Qazlal.
   613 | D        | Found a sacrificial altar of Ru.
   613 | D        | Found a glowing silver altar of Zin.
   613 | D        | Found a burning altar of Makhleb.
   613 | D        | Found an opulent altar of Gozag.
   613 | D        | Found a shimmering altar of Xom.
   614 | D        | Found a white marble altar of Elyvilon.
   615 | D        | Found a sparkling altar of Nemelex Xobeh.
   615 | D        | Found a deep blue altar of Sif Muna.
   615 | D        | Found a corrupted altar of Lugonu.
   615 | D        | Found a basalt altar of Yredelemnul.
   615 | D        | Found a snail-covered altar of Cheibriados.
   615 | D        | Found an iron altar of Okawaru.
   616 | D        | Found a shadowy altar of Dithmenos.
   617 | D        | Found a glowing golden altar of the Shining One.
   617 | D        | Found a bloodstained altar of Trog.
   617 | D        | Found a viscous altar of Jiyva.
   617 | D        | Found a blossoming altar of Fedhas.
   617 | D        | Found a radiant altar of Vehumet.
   617 | D        | Noticed a wasp
   617 | D        | Noticed a polar bear
   618 | D        | Noticed a yaktaur
   618 | D        | Noticed Menkaure
   626 | D        | Became a worshipper of Vehumet
   632 | D        | Noticed a polar bear
   632 | D        | Noticed a polar bear
   641 | D        | a polar bear (ally) was killed
   645 | D        | Killed a polar bear
   645 | D        | Reached skill level 5 in Dodging
   651 | D        | a polar bear (ally) was killed
   665 | D        | Noticed a crocodile
   665 | D        | Killed a yaktaur
   668 | D        | Killed Menkaure
   668 | D        | Acquired Vehumet's first power
   668 | D        | Offered knowledge of Magic Dart by Vehumet.
   674 | D        | Killed a wasp
   701 | D        | Noticed an ice dragon
   704 | D        | Slain by an ice dragon

Action                   |  1- 3 |  4- 6 |  7- 9 || total
-------------------------+-------+-------+-------++-------
Melee: Dagger            |     9 |    19 |    32 ||    60
 Cast: Confuse           |       |     5 |    14 ||    19
       Sure Blade        |       |       |     4 ||     4
       Enslavement       |       |       |     3 ||     3
  Use: Potion            |     1 |     1 |       ||     2
 Stab: Sleeping          |       |     5 |     2 ||     7
       Confused          |       |     1 |     8 ||     9
